Long Beach Ice Dogs vs Newfoundland Shamrocks
Created - Thursday, April 27, 2023 at 07:36
Goals
|
| Long Beach Ice Dogs |
0 |
2 |
0 |
2 |
| Newfoundland Shamrocks |
2 |
1 |
1 |
4 |
|
Shots
|
| Long Beach Ice Dogs |
13 |
11 |
8 |
32 |
| Newfoundland Shamrocks |
10 |
17 |
15 |
42 |
|
1st period
1. Newfoundland Shamrocks , Drew O'Connor 13 (Riley Barber 15, Semyon Der-Arguchintsev 16) at 10:57
2. Newfoundland Shamrocks , Max Comtois 27 (Raphael Lavoie 30) at 12:02 (PP)
Penalties :
Zack Kassian (TRM) for Hooking (Minor) at 1:34, Yan Kuznetsov (TRM) for Slashing (Minor) at 4:14, Riley Stillman (TRM) for Hooking (Minor) at 11:56, Zack Kassian (TRM) for Roughing (Minor) at 18:28
2nd period
3. Long Beach Ice Dogs , Victor Rask 20 (Justin Schultz 17, Darren Helm 17) at 3:52 (SH)
4. Newfoundland Shamrocks , Riley Barber 11 (Denis Gurianov 16, Semyon Der-Arguchintsev 17) at 9:41 (PP)
5. Long Beach Ice Dogs , Alex Galchenyuk 11 (Riley Stillman 11, Victor Rask 18) at 18:37 (PP)
Penalties :
William Lagesson (TRM) for Hooking (Minor) at 3:46, Riley Stillman (TRM) for Roughing (Minor) at 8:55, Nicolas Deslauriers (NFS) for Interference (Minor) at 15:20, Ville Heinola (NFS) for High sticking (Minor) at 18:25, Nicolas Deslauriers (NFS) for Hooking (Minor) at 19:02
3rd period
6. Newfoundland Shamrocks , Max Comtois 28 (Dylan Coghlan 15, Jon Merrill 13) at 8:14
Penalties :
Raphael Lavoie (NFS) for Fighting (Major) at 8:44, William Lagesson (TRM) for Fighting (Major) at 8:44, Sam Poulin (NFS) for Roughing (Minor) at 11:59, Alec Regula (NFS) for High sticking (Minor) at 13:16, Alec Regula (NFS) for High sticking (Minor) at 17:57
Goalie Stats
Lukas Dostal (TRM), 38 saves from 42 shots - (0.905), L, 6-8-1, 60:00 minutes
Louis Domingue (NFS), 30 saves from 32 shots - (0.938), W, 9-7-5, 60:00 minutes
Players Stats for Long Beach Ice Dogs
Player Name G A P +/- PIM S H SB GA TA FO MP PP MP PK MP
------------------------------------------------------------------------------------
Alex Galchenyuk 1 0 1 0 0 4 2 0 0 0 0/0 15:55 4:47 0:07
Brendan Gallagher 0 0 0 -1 0 3 4 1 1 0 2/9 19:40 4:38 4:28
Darren Helm 0 1 1 0 0 1 2 0 0 0 2/3 18:57 4:38 4:07
Gabriel Vilardi 0 0 0 -1 0 3 2 1 0 1 5/13 19:40 4:38 4:28
Jansen Harkins 0 0 0 0 0 1 1 0 0 0 0/0 10:26 0:00 0:00
Jujhar Khaira 0 0 0 -1 0 3 0 0 1 0 0/0 9:46 0:00 0:00
Justin Schultz 0 1 1 0 0 1 0 2 1 0 0/0 24:00 3:47 4:48
Logan Brown 0 0 0 0 0 3 1 0 2 0 0/2 10:59 0:00 0:13
Mark Pysyk 0 0 0 0 0 0 0 2 0 0 0/0 23:40 3:39 4:36
Mathieu Olivier 0 0 0 0 0 0 4 0 0 0 0/0 10:26 0:00 0:00
Olli Juolevi 0 0 0 -1 0 0 1 2 0 0 0/0 14:24 1:04 0:00
Riley Stillman 0 1 1 0 4 2 1 0 0 0 0/0 24:04 5:46 4:12
Shane Bowers 0 0 0 -1 0 0 1 0 0 0 1/3 9:46 0:00 0:00
Trey Fix-Wolansky 0 0 0 -1 0 3 1 0 0 0 2/2 9:45 0:00 0:00
Victor Rask 1 1 2 1 0 5 2 1 2 1 13/23 19:42 4:47 4:13
William Lagesson 0 0 0 0 7 0 0 0 0 0 0/0 21:03 4:34 3:01
Yan Kuznetsov 0 0 0 -1 2 0 0 0 0 0 0/0 12:48 0:00 0:59
Zack Kassian 0 0 0 0 4 3 2 1 0 0 0/0 16:04 4:47 0:00
Players Stats for Newfoundland Shamrocks
Player Name G A P +/- PIM S H SB GA TA FO MP PP MP PK MP
------------------------------------------------------------------------------------
Alec Regula 0 0 0 0 4 2 0 3 0 1 0/0 16:20 0:00 2:26
Alex Chiasson 0 0 0 -1 0 2 1 0 0 0 1/3 18:55 4:57 0:56
Denis Gurianov 0 1 1 0 0 2 1 2 0 0 0/2 17:52 3:51 0:01
Drew O'Connor 1 0 1 1 0 1 0 2 0 0 0/0 14:03 0:00 5:14
Dylan Coghlan 0 1 1 1 0 3 0 1 1 1 0/0 23:01 0:00 5:06
Filip Hallander 0 0 0 0 0 0 3 1 0 0 0/0 10:42 0:00 2:23
Jacob Bernard-Docker 0 0 0 0 0 1 1 1 0 0 0/0 15:08 4:44 0:25
Jon Merrill 0 1 1 1 0 3 0 1 0 3 0/0 23:04 0:00 5:06
Max Comtois 2 0 2 0 0 9 1 0 1 0 1/1 15:36 4:57 0:00
Nicolas Deslauriers 0 0 0 1 4 5 0 0 0 0 0/0 16:16 4:04 0:45
Raphael Lavoie 0 1 1 0 5 3 1 0 0 0 9/13 14:52 4:57 0:10
Riley Barber 1 1 2 1 0 2 2 0 0 0 0/0 12:29 3:42 0:00
Sam Poulin 0 0 0 -1 2 0 1 0 0 1 0/0 12:39 4:10 0:17
Sean Monahan 0 0 0 0 0 2 3 1 0 0 15/29 19:28 0:32 5:41
Semyon Der-Arguchintsev 0 2 2 0 0 5 1 0 0 0 2/4 11:52 3:28 0:00
Tanner Laczynski 0 0 0 1 0 2 0 0 0 0 2/3 13:51 0:00 2:51
Ville Heinola 0 0 0 0 2 0 2 1 0 0 0/0 18:50 4:04 1:27
Wyatte Wylie 0 0 0 1 0 0 0 0 0 1 0/0 14:58 0:34 4:19
3 Stars
1 - Max Comtois (NFS)
2 - Riley Barber (NFS)
3 - Victor Rask (TRM)
Power Play
Long Beach Ice Dogs - 1 on 6 Attempt(s) - 16.67%
Newfoundland Shamrocks - 2 on 6 Attempt(s) - 33.33%
Penalty Kill
Long Beach Ice Dogs - 4 on 6 Attempt(s) - 66.67%
- Score 1 goal in Penalty Kill
Newfoundland Shamrocks - 5 on 6 Attempt(s) - 83.33%
- Score 0 goal in Penalty Kill
Team Stat
Long Beach Ice Dogs - Hits : 24 - Faceoff Wins : 25 - Blocked Shots : 10 - Penalty Minutes : 17
Newfoundland Shamrocks - Hits : 17 - Faceoff Wins : 30 - Blocked Shots : 13 - Penalty Minutes : 17
Official
Referees : Ghislain Hebert and Mike Hasenfratz
Linesman : Scott Cherrey and Mark Wheler
Game Notes
Raphael Lavoie beats up William Lagesson at 8:44 of 3rd period
Long Beach Ice Dogs
5 vs 5 Forward
Center Left Wing Right Wing Time % Phy DF OF
1 Gabriel Vilardi Darren Helm Brendan Gallagher 30 1 2 2
2 Victor Rask Alex Galchenyuk Zack Kassian 30 1 2 2
3 Logan Brown Jansen Harkins Mathieu Olivier 25 1 2 2
4 Shane Bowers Jujhar Khaira Trey Fix-Wolansky 15 1 2 2
5 vs 5 Defense
Defense Defense Time % Phy DF OF
1 Mark Pysyk Justin Schultz 35 1 2 2
2 Riley Stillman William Lagesson 35 1 2 2
3 Olli Juolevi Yan Kuznetsov 30 1 2 2
4 Mark Pysyk Justin Schultz 0 1 2 2
PowerPlay Forward
Center Left Wing Right Wing Time % Phy DF OF
1 Gabriel Vilardi Darren Helm Brendan Gallagher 50 1 2 2
2 Victor Rask Alex Galchenyuk Zack Kassian 50 1 2 2
PowerPlay Defense
Defense Defense Time % Phy DF OF
1 Mark Pysyk Justin Schultz 50 1 2 2
2 Riley Stillman William Lagesson 50 1 2 2
Penalty Kill 4 Players Forward
Center Wing Time % Phy DF OF
1 Brendan Gallagher Gabriel Vilardi 50 1 2 2
2 Darren Helm Victor Rask 50 1 2 2
Penalty Kill 4 Players Defense
Defense Defense Time % Phy DF OF
1 Mark Pysyk Justin Schultz 50 1 2 2
2 Riley Stillman William Lagesson 50 1 2 2
Penalty Kill - 3 Players Forward
Forward Time % Phy DF OF
1 Brendan Gallagher 50 1 2 2
2 Gabriel Vilardi 50 1 2 2
Penalty Kill - 3 Players Defense
Defense Defense Time % Phy DF OF
1 Mark Pysyk Justin Schultz 50 1 2 2
2 Riley Stillman William Lagesson 50 1 2 2
4 vs 4 Forward
Center Wing Time % Phy DF OF
1 Brendan Gallagher Gabriel Vilardi 50 1 2 2
2 Darren Helm Victor Rask 50 1 2 2
4 vs 4 Defense
Defense Defense Time % Phy DF OF
1 Mark Pysyk Justin Schultz 50 1 2 2
2 Riley Stillman William Lagesson 50 1 2 2
Last Minutes Offensive
Center Left Wing Right Wing Defense Defense
Gabriel Vilardi Darren Helm Brendan Gallagher Mark Pysyk Justin Schultz
Last Minutes Defensive
Center Left Wing Right Wing Defense Defense
Gabriel Vilardi Darren Helm Brendan Gallagher Mark Pysyk Justin Schultz
Goaltenders
Starting : Lukas Dostal
Backup : Spencer Martin
Extra Forwards
Normal : Shane Bowers, Jujhar Khaira, Logan Brown - PP : Shane Bowers, Jujhar Khaira - PK : Logan Brown
Extra Defensemen
Normal : Olli Juolevi, Yan Kuznetsov, Riley Stillman - PP : Olli Juolevi - PK : Yan Kuznetsov, Riley Stillman
Penalty Shots
Brendan Gallagher, Gabriel Vilardi, Darren Helm, Victor Rask, Alex Galchenyuk
Newfoundland Shamrocks
5 vs 5 Forward
Center Left Wing Right Wing Time % Phy DF OF
1 Sean Monahan Denis Gurianov Alex Chiasson 40 1 2 2
2 Raphael Lavoie Max Comtois Nicolas Deslauriers 30 1 2 2
3 Tanner Laczynski Drew O'Connor Riley Barber 20 1 2 2
4 Semyon Der-Arguchintsev Filip Hallander Sam Poulin 10 1 2 2
5 vs 5 Defense
Defense Defense Time % Phy DF OF
1 Jon Merrill Dylan Coghlan 40 1 2 2
2 Alec Regula Ville Heinola 30 1 2 2
3 Jacob Bernard-Docker Wyatte Wylie 20 1 2 2
4 Jon Merrill Dylan Coghlan 10 1 2 2
PowerPlay Forward
Center Left Wing Right Wing Time % Phy DF OF
1 Raphael Lavoie Max Comtois Alex Chiasson 60 1 2 2
2 Semyon Der-Arguchintsev Denis Gurianov Riley Barber 40 1 2 2
PowerPlay Defense
Defense Defense Time % Phy DF OF
1 Sam Poulin Jacob Bernard-Docker 60 1 2 2
2 Nicolas Deslauriers Ville Heinola 40 1 2 2
Penalty Kill 4 Players Forward
Center Wing Time % Phy DF OF
1 Sean Monahan Drew O'Connor 60 1 2 2
2 Tanner Laczynski Filip Hallander 40 1 2 2
Penalty Kill 4 Players Defense
Defense Defense Time % Phy DF OF
1 Jon Merrill Dylan Coghlan 60 1 2 2
2 Wyatte Wylie Alec Regula 40 1 2 2
Penalty Kill - 3 Players Forward
Forward Time % Phy DF OF
1 Sean Monahan 60 1 2 2
2 Tanner Laczynski 40 1 2 2
Penalty Kill - 3 Players Defense
Defense Defense Time % Phy DF OF
1 Jon Merrill Dylan Coghlan 60 1 2 2
2 Alec Regula Wyatte Wylie 40 1 2 2
4 vs 4 Forward
Center Wing Time % Phy DF OF
1 Sean Monahan Alex Chiasson 60 1 2 2
2 Semyon Der-Arguchintsev Denis Gurianov 40 1 2 2
4 vs 4 Defense
Defense Defense Time % Phy DF OF
1 Jon Merrill Dylan Coghlan 60 1 2 2
2 Alec Regula Ville Heinola 40 1 2 2
Last Minutes Offensive
Center Left Wing Right Wing Defense Defense
Raphael Lavoie Max Comtois Sam Poulin Jon Merrill Alec Regula
Last Minutes Defensive
Center Left Wing Right Wing Defense Defense
Tanner Laczynski Alex Chiasson Nicolas Deslauriers Jon Merrill Alec Regula
Goaltenders
Starting : Louis Domingue
Backup : Dustin Tokarski
Extra Forwards
Normal : Max Comtois, Sean Monahan, Denis Gurianov - PP : Sean Monahan, Tanner Laczynski - PK : Nicolas Deslauriers
Extra Defensemen
Normal : Alec Regula, Jon Merrill, Dylan Coghlan - PP : Wyatte Wylie - PK : Ville Heinola, Jacob Bernard-Docker
Penalty Shots
Alex Chiasson, Max Comtois, Nicolas Deslauriers, Riley Barber, Filip Hallander
% Time on Ice - Long Beach Ice Dogs
Lines # - Real PCT - Wanted PCT - Time Play
Normal Forward
1 - 25% - 30% - 10:35
2 - 26% - 30% - 11:01
3 - 25% - 25% - 10:26
4 - 23% - 15% - 9:45
Normal Defense
1 - 37% - 35% - 15:25
2 - 35% - 35% - 14:47
3 - 28% - 30% - 11:35
4 - 0% - 0% - 0:00
PP Forward
1 - 49% - 50% - 4:38
2 - 51% - 50% - 4:47
PP Defense
1 - 39% - 50% - 3:39
2 - 61% - 50% - 5:46
PK Forward
1 - 51% - 50% - 4:28
2 - 49% - 50% - 4:20
PK Defense
1 - 52% - 50% - 4:36
2 - 48% - 50% - 4:12
PK3 Forward
1 - 0% - 50%
2 - 0% - 50%
PK3 Defense
1 - 0% - 50%
2 - 0% - 50%
44 Forward
1 - 0% - 50%
2 - 0% - 50%
44 Defense
1 - 0% - 50%
2 - 0% - 50%
Last Minute Offensive - 0:00
Last Minute Defensive - 0:00
Total
Forward - 60:00
Defense - 60:00
|
% Time on Ice - Newfoundland Shamrocks
Lines # - Real PCT - Wanted PCT - Time Play
Normal Forward
1 - 32% - 40% - 13:16
2 - 29% - 30% - 11:56
3 - 21% - 20% - 8:46
4 - 19% - 10% - 7:49
Normal Defense
1 - 41% - 40% - 16:59
2 - 35% - 30% - 14:42
3 - 21% - 20% - 8:46
4 - 3% - 10% - 1:20
PP Forward
1 - 56% - 60% - 4:57
2 - 44% - 40% - 3:51
PP Defense
1 - 54% - 60% - 4:44
2 - 46% - 40% - 4:04
PK Forward
1 - 76% - 60% - 6:40
2 - 24% - 40% - 2:03
PK Defense
1 - 51% - 60% - 4:29
2 - 49% - 40% - 4:14
PK3 Forward
1 - 100% - 60% - 0:42
2 - 0% - 40% - 0:00
PK3 Defense
1 - 88% - 60% - 0:37
2 - 12% - 40% - 0:05
44 Forward
1 - 0% - 60%
2 - 0% - 40%
44 Defense
1 - 0% - 60%
2 - 0% - 40%
Last Minute Offensive - 0:00
Last Minute Defensive - 0:00
Total
Forward - 60:00
Defense - 60:00
|
Play-by-Play
1st period
0:01 of 1st period - Gabriel Vilardi wins face-off versus Denis Gurianov in neutral zone.
0:26 of 1st period - Max Comtois is hit by Victor Rask.
1:34 of 1st period - Minor Penalty to Zack Kassian for Hooking.
1:35 of 1st period - Raphael Lavoie wins face-off versus Brendan Gallagher in Long Beach Ice Dogs zone.
1:35 of 1st period - Snap shot by Alex Chiasson.
1:35 of 1st period - Shot Blocked by Gabriel Vilardi.
1:37 of 1st period - Snap shot by Max Comtois.
1:37 of 1st period - Deflect By Alex Chiasson.
1:37 of 1st period - Stopped by Lukas Dostal without a rebound.
1:38 of 1st period - Brendan Gallagher wins face-off versus Raphael Lavoie in Long Beach Ice Dogs zone.
3:33 of 1st period - Riley Barber is hit by Logan Brown and loses puck.
3:34 of 1st period - Penalty to Zack Kassian is over, Zack Kassian is back on ice.
3:46 of 1st period - Wrist shot by Alex Galchenyuk.
3:46 of 1st period - Stopped by Louis Domingue with a rebound.
3:48 of 1st period - Snap shot by Olli Juolevi.
3:48 of 1st period - Shot Misses the Net.
3:52 of 1st period - Wrist shot by Zack Kassian.
3:52 of 1st period - Stopped by Louis Domingue without a rebound.
3:53 of 1st period - Tanner Laczynski wins face-off versus Shane Bowers in Newfoundland Shamrocks zone.
4:14 of 1st period - Minor Penalty to Yan Kuznetsov for Slashing.
4:15 of 1st period - Raphael Lavoie wins face-off versus Brendan Gallagher in Long Beach Ice Dogs zone.
5:09 of 1st period - Raphael Lavoie is hit by Brendan Gallagher and loses puck.
5:45 of 1st period - Icing by Alex Chiasson.
5:46 of 1st period - Brendan Gallagher wins face-off versus Alex Chiasson in Newfoundland Shamrocks zone.
6:14 of 1st period - Penalty to Yan Kuznetsov is over, Yan Kuznetsov is back on ice.
6:40 of 1st period - Wrist shot by Trey Fix-Wolansky.
6:40 of 1st period - Shot Blocked by Filip Hallander.
7:07 of 1st period - Wrist shot by Logan Brown.
7:07 of 1st period - Shot Misses the Net.
7:09 of 1st period - Wrist shot by Jansen Harkins.
7:09 of 1st period - Stopped by Louis Domingue with a rebound.
7:21 of 1st period - Wrist shot by Gabriel Vilardi.
7:21 of 1st period - Shot Blocked by Jacob Bernard-Docker.
8:06 of 1st period - Off-side.
8:07 of 1st period - Sean Monahan wins face-off versus Logan Brown in neutral zone.
8:16 of 1st period - Jon Merrill is hit by Mathieu Olivier and loses puck.
8:33 of 1st period - Semyon Der-Arguchintsev is hit by Brendan Gallagher and loses puck.
8:52 of 1st period - Raphael Lavoie is hit by Alex Galchenyuk and loses puck.
9:01 of 1st period - Raphael Lavoie is hit by Zack Kassian and loses puck.
9:14 of 1st period - Wrist shot by Drew O'Connor.
9:14 of 1st period - Deflect By Tanner Laczynski.
9:14 of 1st period - Stopped by Lukas Dostal without a rebound.
9:15 of 1st period - Trey Fix-Wolansky wins face-off versus Tanner Laczynski in Long Beach Ice Dogs zone.
9:24 of 1st period - Snap shot by Justin Schultz.
9:24 of 1st period - Stopped by Louis Domingue with a rebound.
9:38 of 1st period - Snap shot by Trey Fix-Wolansky.
9:38 of 1st period - Shot Misses the Net.
9:40 of 1st period - Slapshot by Yan Kuznetsov.
9:40 of 1st period - Shot Misses the Net.
9:44 of 1st period - Backhand shot by Jujhar Khaira.
9:44 of 1st period - Stopped by Louis Domingue with a rebound.
9:48 of 1st period - Snap shot by Shane Bowers.
9:48 of 1st period - Deflect By Trey Fix-Wolansky.
9:48 of 1st period - Stopped by Louis Domingue without a rebound.
9:49 of 1st period - Sean Monahan wins face-off versus Gabriel Vilardi in Newfoundland Shamrocks zone.
9:54 of 1st period - Gabriel Vilardi is hit by Jacob Bernard-Docker.
10:00 of 1st period - Snap shot by Brendan Gallagher.
10:00 of 1st period - Shot Misses the Net.
10:57 of 1st period - Snap shot by Drew O'Connor.
10:57 of 1st period - Goal by Drew O'Connor - Long Beach Ice Dogs : 0 - Newfoundland Shamrocks : 1.
10:58 of 1st period - Gabriel Vilardi wins face-off versus Sean Monahan in neutral zone.
11:22 of 1st period - Darren Helm is hit by Sean Monahan.
11:30 of 1st period - Snap shot by Brendan Gallagher.
11:30 of 1st period - Stopped by Louis Domingue with a rebound.
11:44 of 1st period - Wrist shot by Denis Gurianov.
11:44 of 1st period - Stopped by Lukas Dostal with a rebound.
11:46 of 1st period - Slapshot by Jon Merrill.
11:46 of 1st period - Shot Misses the Net.
11:48 of 1st period - Wrist shot by Denis Gurianov.
11:48 of 1st period - Shot Misses the Net.
11:54 of 1st period - Wrist shot by Denis Gurianov.
11:54 of 1st period - Shot Misses the Net.
11:56 of 1st period - Minor Penalty to Riley Stillman for Hooking.
11:57 of 1st period - Raphael Lavoie wins face-off versus Logan Brown in Long Beach Ice Dogs zone.
12:02 of 1st period - Snap shot by Max Comtois.
12:02 of 1st period - Goal by Max Comtois - Long Beach Ice Dogs : 0 - Newfoundland Shamrocks : 2.
12:03 of 1st period - Raphael Lavoie wins face-off versus Victor Rask in neutral zone.
12:05 of 1st period - Off-side.
12:06 of 1st period - Raphael Lavoie wins face-off versus Victor Rask in neutral zone.
13:35 of 1st period - William Lagesson is hit by Alex Chiasson and loses puck.
13:54 of 1st period - Snap shot by Trey Fix-Wolansky.
13:54 of 1st period - Stopped by Louis Domingue with a rebound.
13:56 of 1st period - Slapshot by Jujhar Khaira.
13:56 of 1st period - Stopped by Louis Domingue with a rebound.
13:58 of 1st period - Snap shot by Riley Stillman.
13:58 of 1st period - Shot Blocked by Dylan Coghlan.
14:00 of 1st period - Slapshot by Jujhar Khaira.
14:00 of 1st period - Stopped by Louis Domingue without a rebound.
14:01 of 1st period - Raphael Lavoie wins face-off versus Gabriel Vilardi in Newfoundland Shamrocks zone.
14:14 of 1st period - Wrist shot by Nicolas Deslauriers.
14:14 of 1st period - Shot Blocked by Brendan Gallagher.
14:54 of 1st period - Tanner Laczynski is hit by Jansen Harkins.
15:28 of 1st period - Wrist shot by Logan Brown.
15:28 of 1st period - Shot Blocked by Drew O'Connor.
16:04 of 1st period - Snap shot by Logan Brown.
16:04 of 1st period - Stopped by Louis Domingue with a rebound.
16:28 of 1st period - Slapshot by Logan Brown.
16:28 of 1st period - Stopped by Louis Domingue without a rebound.
16:29 of 1st period - Victor Rask wins face-off versus Sean Monahan in Newfoundland Shamrocks zone.
16:34 of 1st period - Snap shot by Alex Galchenyuk.
16:34 of 1st period - Stopped by Louis Domingue with a rebound.
16:36 of 1st period - Snap shot by Justin Schultz.
16:36 of 1st period - Shot Blocked by Ville Heinola.
16:54 of 1st period - Darren Helm is hit by Filip Hallander and loses puck.
17:29 of 1st period - Wrist shot by Sam Poulin.
17:29 of 1st period - Shot Misses the Net.
17:31 of 1st period - Snap shot by Semyon Der-Arguchintsev.
17:31 of 1st period - Stopped by Lukas Dostal with a rebound.
17:37 of 1st period - Wrist shot by Sam Poulin.
17:37 of 1st period - Shot Misses the Net.
17:57 of 1st period - Snap shot by Semyon Der-Arguchintsev.
17:57 of 1st period - Stopped by Lukas Dostal with a rebound.
17:59 of 1st period - Slapshot by Jon Merrill.
17:59 of 1st period - Stopped by Lukas Dostal with a rebound.
18:25 of 1st period - Slapshot by Semyon Der-Arguchintsev.
18:25 of 1st period - Stopped by Lukas Dostal without a rebound.
18:26 of 1st period - Victor Rask wins face-off versus Sean Monahan in Long Beach Ice Dogs zone.
18:28 of 1st period - Minor Penalty to Zack Kassian for Roughing.
18:29 of 1st period - Raphael Lavoie wins face-off versus Brendan Gallagher in Long Beach Ice Dogs zone.
18:45 of 1st period - Slapshot by Max Comtois.
18:45 of 1st period - Stopped by Lukas Dostal with a rebound.
Goals for this period are 0 for Long Beach Ice Dogs vs 2 for Newfoundland Shamrocks.
Shots for this period are 13 for Long Beach Ice Dogs vs 10 for Newfoundland Shamrocks.
2nd period
0:01 of 2nd period - Alex Chiasson wins face-off versus Brendan Gallagher in neutral zone.
0:08 of 2nd period - Wrist shot by Alex Chiasson.
0:08 of 2nd period - Deflect By Max Comtois.
0:08 of 2nd period - Stopped by Lukas Dostal with a rebound.
0:22 of 2nd period - Wrist shot by Victor Rask.
0:22 of 2nd period - Stopped by Louis Domingue without a rebound.
0:23 of 2nd period - Semyon Der-Arguchintsev wins face-off versus Brendan Gallagher in Newfoundland Shamrocks zone.
0:28 of 2nd period - Penalty to Zack Kassian is over, Zack Kassian is back on ice.
0:40 of 2nd period - Riley Stillman is hit by Semyon Der-Arguchintsev and loses puck.
0:55 of 2nd period - Snap shot by Max Comtois.
0:55 of 2nd period - Shot Misses the Net.
0:57 of 2nd period - Snap shot by Raphael Lavoie.
0:57 of 2nd period - Stopped by Lukas Dostal without a rebound.
0:58 of 2nd period - Victor Rask wins face-off versus Sean Monahan in Long Beach Ice Dogs zone.
1:01 of 2nd period - Wrist shot by Denis Gurianov.
1:01 of 2nd period - Stopped by Lukas Dostal without a rebound.
1:02 of 2nd period - Sean Monahan wins face-off versus Victor Rask in Long Beach Ice Dogs zone.
1:05 of 2nd period - Slapshot by Denis Gurianov.
1:05 of 2nd period - Shot Misses the Net.
1:09 of 2nd period - Slapshot by Sean Monahan.
1:09 of 2nd period - Shot Misses the Net.
1:11 of 2nd period - Slapshot by Alec Regula.
1:11 of 2nd period - Stopped by Lukas Dostal without a rebound.
1:12 of 2nd period - Sean Monahan wins face-off versus Victor Rask in Long Beach Ice Dogs zone.
1:39 of 2nd period - Alec Regula is hit by Darren Helm and loses puck.
2:20 of 2nd period - Snap shot by Semyon Der-Arguchintsev.
2:20 of 2nd period - Shot Misses the Net.
2:22 of 2nd period - Slapshot by Jon Merrill.
2:22 of 2nd period - Deflect By Semyon Der-Arguchintsev.
2:22 of 2nd period - Shot Blocked by Olli Juolevi.
2:22 of 2nd period - Puck is out of play.
2:23 of 2nd period - Shane Bowers wins face-off versus Sean Monahan in Long Beach Ice Dogs zone.
3:12 of 2nd period - Snap shot by Darren Helm.
3:12 of 2nd period - Deflect By Riley Barber.
3:12 of 2nd period - Stopped by Louis Domingue without a rebound.
3:13 of 2nd period - Sean Monahan wins face-off versus Gabriel Vilardi in Newfoundland Shamrocks zone.
3:20 of 2nd period - Snap shot by Sean Monahan.
3:20 of 2nd period - Shot Misses the Net.
3:44 of 2nd period - Snap shot by Nicolas Deslauriers.
3:44 of 2nd period - Stopped by Lukas Dostal with a rebound.
3:46 of 2nd period - Minor Penalty to William Lagesson for Hooking.
3:47 of 2nd period - Darren Helm wins face-off versus Raphael Lavoie in Long Beach Ice Dogs zone.
3:52 of 2nd period - Wrist shot by Victor Rask.
3:52 of 2nd period - Goal by Victor Rask - Long Beach Ice Dogs : 1 - Newfoundland Shamrocks : 2.
3:53 of 2nd period - Max Comtois wins face-off versus Brendan Gallagher in neutral zone.
4:48 of 2nd period - Victor Rask is hit by Riley Barber and loses puck.
5:46 of 2nd period - Penalty to William Lagesson is over, William Lagesson is back on ice.
6:18 of 2nd period - Sean Monahan is hit by Shane Bowers and loses puck.
6:54 of 2nd period - Tanner Laczynski is hit by Trey Fix-Wolansky and loses puck.
7:07 of 2nd period - Ville Heinola is hit by Riley Stillman and loses puck.
7:18 of 2nd period - Darren Helm is hit by Filip Hallander and loses puck.
7:35 of 2nd period - Mathieu Olivier is hit by Denis Gurianov and loses puck.
8:55 of 2nd period - Minor Penalty to Riley Stillman for Roughing.
8:56 of 2nd period - Raphael Lavoie wins face-off versus Brendan Gallagher in Long Beach Ice Dogs zone.
9:11 of 2nd period - Slapshot by Gabriel Vilardi.
9:11 of 2nd period - Stopped by Louis Domingue without a rebound.
9:12 of 2nd period - Darren Helm wins face-off versus Semyon Der-Arguchintsev in Newfoundland Shamrocks zone.
9:13 of 2nd period - Wrist shot by Victor Rask.
9:13 of 2nd period - Stopped by Louis Domingue with a rebound.
9:41 of 2nd period - Snap shot by Riley Barber.
9:41 of 2nd period - Goal by Riley Barber - Long Beach Ice Dogs : 1 - Newfoundland Shamrocks : 3.
9:42 of 2nd period - Victor Rask wins face-off versus Sean Monahan in neutral zone.
10:13 of 2nd period - Wrist shot by Nicolas Deslauriers.
10:13 of 2nd period - Stopped by Lukas Dostal with a rebound.
10:31 of 2nd period - Shane Bowers is hit by Ville Heinola and loses puck.
10:54 of 2nd period - Backhand shot by Alex Chiasson.
10:54 of 2nd period - Shot Blocked by Olli Juolevi.
11:12 of 2nd period - Filip Hallander is hit by Victor Rask and loses puck.
11:33 of 2nd period - Snap shot by Filip Hallander.
11:33 of 2nd period - Shot Misses the Net.
11:35 of 2nd period - Slapshot by Dylan Coghlan.
11:35 of 2nd period - Stopped by Lukas Dostal without a rebound.
11:36 of 2nd period - Gabriel Vilardi wins face-off versus Raphael Lavoie in Long Beach Ice Dogs zone.
11:43 of 2nd period - Snap shot by Max Comtois.
11:43 of 2nd period - Shot Misses the Net.
11:45 of 2nd period - Wrist shot by Alec Regula.
11:45 of 2nd period - Stopped by Lukas Dostal with a rebound.
11:47 of 2nd period - Slapshot by Ville Heinola.
11:47 of 2nd period - Shot Misses the Net.
11:57 of 2nd period - Wrist shot by Max Comtois.
11:57 of 2nd period - Shot Blocked by Justin Schultz.
11:59 of 2nd period - Slapshot by Ville Heinola.
11:59 of 2nd period - Shot Misses the Net.
12:01 of 2nd period - Wrist shot by Max Comtois.
12:01 of 2nd period - Stopped by Lukas Dostal with a rebound.
12:03 of 2nd period - Wrist shot by Max Comtois.
12:03 of 2nd period - Stopped by Lukas Dostal with a rebound.
12:05 of 2nd period - Snap shot by Raphael Lavoie.
12:05 of 2nd period - Stopped by Lukas Dostal with a rebound.
12:07 of 2nd period - Snap shot by Wyatte Wylie.
12:07 of 2nd period - Shot Misses the Net.
12:09 of 2nd period - Snap shot by Raphael Lavoie.
12:09 of 2nd period - Stopped by Lukas Dostal with a rebound.
12:11 of 2nd period - Slapshot by Jacob Bernard-Docker.
12:11 of 2nd period - Shot Blocked by Justin Schultz.
12:13 of 2nd period - Slapshot by Nicolas Deslauriers.
12:13 of 2nd period - Stopped by Lukas Dostal with a rebound.
12:15 of 2nd period - Wrist shot by Nicolas Deslauriers.
12:15 of 2nd period - Shot Blocked by Mark Pysyk.
12:17 of 2nd period - Wrist shot by Nicolas Deslauriers.
12:17 of 2nd period - Shot Blocked by Mark Pysyk.
12:19 of 2nd period - Wrist shot by Nicolas Deslauriers.
12:19 of 2nd period - Shot Misses the Net.
12:21 of 2nd period - Slapshot by Max Comtois.
12:21 of 2nd period - Stopped by Lukas Dostal without a rebound.
12:22 of 2nd period - Victor Rask wins face-off versus Sean Monahan in Long Beach Ice Dogs zone.
12:49 of 2nd period - Riley Barber is hit by Mathieu Olivier and loses puck.
12:56 of 2nd period - Snap shot by Logan Brown.
12:56 of 2nd period - Stopped by Louis Domingue with a rebound.
13:41 of 2nd period - Darren Helm is hit by Raphael Lavoie and loses puck.
13:48 of 2nd period - Snap shot by Nicolas Deslauriers.
13:48 of 2nd period - Stopped by Lukas Dostal without a rebound.
13:49 of 2nd period - Sean Monahan wins face-off versus Victor Rask in Long Beach Ice Dogs zone.
15:18 of 2nd period - Snap shot by Zack Kassian.
15:18 of 2nd period - Stopped by Louis Domingue with a rebound.
15:20 of 2nd period - Minor Penalty to Nicolas Deslauriers for Interference.
15:21 of 2nd period - Gabriel Vilardi wins face-off versus Sean Monahan in Newfoundland Shamrocks zone.
15:22 of 2nd period - Snap shot by Brendan Gallagher.
15:22 of 2nd period - Stopped by Louis Domingue with a rebound.
17:20 of 2nd period - Penalty to Nicolas Deslauriers is over, Nicolas Deslauriers is back on ice.
17:24 of 2nd period - Tanner Laczynski is hit by Mathieu Olivier and loses puck.
17:47 of 2nd period - Slapshot by Trey Fix-Wolansky.
17:47 of 2nd period - Stopped by Louis Domingue without a rebound.
17:48 of 2nd period - Trey Fix-Wolansky wins face-off versus Raphael Lavoie in Newfoundland Shamrocks zone.
18:11 of 2nd period - Snap shot by Logan Brown.
18:11 of 2nd period - Shot Blocked by Alec Regula.
18:13 of 2nd period - Slapshot by Olli Juolevi.
18:13 of 2nd period - Shot Misses the Net.
18:15 of 2nd period - Wrist shot by Logan Brown.
18:15 of 2nd period - Shot Blocked by Alec Regula.
18:17 of 2nd period - Backhand shot by Jansen Harkins.
18:17 of 2nd period - Shot Blocked by Denis Gurianov.
18:19 of 2nd period - Slapshot by Olli Juolevi.
18:19 of 2nd period - Shot Blocked by Denis Gurianov.
18:25 of 2nd period - Minor Penalty to Ville Heinola for High sticking.
18:26 of 2nd period - Victor Rask wins face-off versus Sean Monahan in Newfoundland Shamrocks zone.
18:31 of 2nd period - Wrist shot by Alex Galchenyuk.
18:31 of 2nd period - Shot Blocked by Jon Merrill.
18:33 of 2nd period - Slapshot by Riley Stillman.
18:33 of 2nd period - Stopped by Louis Domingue with a rebound.
18:35 of 2nd period - Slapshot by Riley Stillman.
18:35 of 2nd period - Shot Blocked by Drew O'Connor.
18:37 of 2nd period - Snap shot by Alex Galchenyuk.
18:37 of 2nd period - Goal by Alex Galchenyuk - Long Beach Ice Dogs : 2 - Newfoundland Shamrocks : 3.
18:38 of 2nd period - Victor Rask wins face-off versus Alex Chiasson in neutral zone.
18:41 of 2nd period - Denis Gurianov is hit by Zack Kassian.
18:45 of 2nd period - Wrist shot by Sean Monahan.
18:45 of 2nd period - Stopped by Lukas Dostal with a rebound.
19:02 of 2nd period - Minor Penalty to Nicolas Deslauriers for Hooking.
19:03 of 2nd period - Sean Monahan wins face-off versus Victor Rask in Newfoundland Shamrocks zone.
Goals for this period are 2 for Long Beach Ice Dogs vs 1 for Newfoundland Shamrocks.
Shots for this period are 11 for Long Beach Ice Dogs vs 17 for Newfoundland Shamrocks.
3rd period
0:01 of 3rd period - Victor Rask wins face-off versus Sean Monahan in neutral zone.
0:10 of 3rd period - Wrist shot by Victor Rask.
0:10 of 3rd period - Deflect By Dylan Coghlan.
0:10 of 3rd period - Stopped by Louis Domingue with a rebound.
0:12 of 3rd period - Wrist shot by Riley Stillman.
0:12 of 3rd period - Stopped by Louis Domingue without a rebound.
0:13 of 3rd period - Sean Monahan wins face-off versus Gabriel Vilardi in Newfoundland Shamrocks zone.
0:24 of 3rd period - Dylan Coghlan is hit by Brendan Gallagher and loses puck.
1:02 of 3rd period - Penalty to Nicolas Deslauriers is over, Nicolas Deslauriers is back on ice.
1:31 of 3rd period - Snap shot by Semyon Der-Arguchintsev.
1:31 of 3rd period - Deflect By Filip Hallander.
1:31 of 3rd period - Shot Misses the Net.
1:31 of 3rd period - Puck is out of play.
1:32 of 3rd period - Victor Rask wins face-off versus Semyon Der-Arguchintsev in Long Beach Ice Dogs zone.
1:59 of 3rd period - Sean Monahan is hit by Darren Helm and loses puck.
2:08 of 3rd period - Wrist shot by Brendan Gallagher.
2:08 of 3rd period - Shot Blocked by Sean Monahan.
3:02 of 3rd period - Wrist shot by Semyon Der-Arguchintsev.
3:02 of 3rd period - Shot Blocked by Victor Rask.
3:08 of 3rd period - Slapshot by Semyon Der-Arguchintsev.
3:08 of 3rd period - Stopped by Lukas Dostal without a rebound.
3:09 of 3rd period - Gabriel Vilardi wins face-off versus Sean Monahan in Long Beach Ice Dogs zone.
3:09 of 3rd period - Gabriel Vilardi is hit by Ville Heinola.
3:17 of 3rd period - Snap shot by Brendan Gallagher.
3:17 of 3rd period - Shot Misses the Net.
3:19 of 3rd period - Snap shot by Mark Pysyk.
3:19 of 3rd period - Shot Misses the Net.
3:21 of 3rd period - Wrist shot by Darren Helm.
3:21 of 3rd period - Deflect By Gabriel Vilardi.
3:21 of 3rd period - Stopped by Louis Domingue without a rebound.
3:22 of 3rd period - Victor Rask wins face-off versus Sean Monahan in Newfoundland Shamrocks zone.
3:31 of 3rd period - Snap shot by Zack Kassian.
3:31 of 3rd period - Stopped by Louis Domingue with a rebound.
3:37 of 3rd period - Wrist shot by Zack Kassian.
3:37 of 3rd period - Shot Blocked by Alec Regula.
3:47 of 3rd period - Darren Helm is hit by Max Comtois and loses puck.
4:17 of 3rd period - Snap shot by Riley Barber.
4:17 of 3rd period - Stopped by Lukas Dostal with a rebound.
4:27 of 3rd period - Snap shot by William Lagesson.
4:27 of 3rd period - Deflect By Jujhar Khaira.
4:27 of 3rd period - Shot Misses the Net.
4:27 of 3rd period - Puck is out of play.
4:28 of 3rd period - Semyon Der-Arguchintsev wins face-off versus Shane Bowers in Newfoundland Shamrocks zone.
4:33 of 3rd period - Snap shot by Jon Merrill.
4:33 of 3rd period - Deflect By Trey Fix-Wolansky.
4:33 of 3rd period - Stopped by Lukas Dostal without a rebound.
4:34 of 3rd period - Sean Monahan wins face-off versus Victor Rask in Long Beach Ice Dogs zone.
4:59 of 3rd period - Raphael Lavoie is hit by Gabriel Vilardi and loses puck.
5:31 of 3rd period - Slapshot by Dylan Coghlan.
5:31 of 3rd period - Deflect By Max Comtois.
5:31 of 3rd period - Stopped by Lukas Dostal with a rebound.
5:33 of 3rd period - Wrist shot by Nicolas Deslauriers.
5:33 of 3rd period - Stopped by Lukas Dostal with a rebound.
5:35 of 3rd period - Snap shot by Dylan Coghlan.
5:35 of 3rd period - Stopped by Lukas Dostal with a rebound.
5:37 of 3rd period - Wrist shot by Dylan Coghlan.
5:37 of 3rd period - Deflect By Jujhar Khaira.
5:37 of 3rd period - Stopped by Lukas Dostal with a rebound.
5:39 of 3rd period - Wrist shot by Raphael Lavoie.
5:39 of 3rd period - Shot Misses the Net.
5:41 of 3rd period - Slapshot by Jon Merrill.
5:41 of 3rd period - Stopped by Lukas Dostal without a rebound.
5:42 of 3rd period - Sean Monahan wins face-off versus Victor Rask in Long Beach Ice Dogs zone.
6:23 of 3rd period - Snap shot by Sean Monahan.
6:23 of 3rd period - Stopped by Lukas Dostal with a rebound.
6:56 of 3rd period - Sam Poulin is hit by Alex Galchenyuk and loses puck.
7:52 of 3rd period - Olli Juolevi is hit by Sam Poulin.
8:12 of 3rd period - Slapshot by Max Comtois.
8:12 of 3rd period - Stopped by Lukas Dostal with a rebound.
8:14 of 3rd period - Snap shot by Max Comtois.
8:14 of 3rd period - Goal by Max Comtois - Long Beach Ice Dogs : 2 - Newfoundland Shamrocks : 4.
8:15 of 3rd period - Victor Rask wins face-off versus Denis Gurianov in neutral zone.
8:20 of 3rd period - Wrist shot by Victor Rask.
8:20 of 3rd period - Stopped by Louis Domingue without a rebound.
8:21 of 3rd period - Sean Monahan wins face-off versus Victor Rask in Newfoundland Shamrocks zone.
8:26 of 3rd period - Snap shot by Denis Gurianov.
8:26 of 3rd period - Shot Blocked by Zack Kassian.
8:35 of 3rd period - Off-side.
8:36 of 3rd period - Raphael Lavoie wins face-off versus Gabriel Vilardi in neutral zone.
8:44 of 3rd period - Raphael Lavoie beats up William Lagesson.
8:44 of 3rd period - Penalty to Raphael Lavoie for Fighting.
8:44 of 3rd period - Penalty to William Lagesson for Fighting.
8:45 of 3rd period - Sean Monahan wins face-off versus Darren Helm in neutral zone.
9:33 of 3rd period - Jansen Harkins is hit by Filip Hallander and loses puck.
9:52 of 3rd period - Jujhar Khaira is hit by Sean Monahan and loses puck.
9:58 of 3rd period - Off-side.
9:59 of 3rd period - Tanner Laczynski wins face-off versus Gabriel Vilardi in neutral zone.
10:02 of 3rd period - Mark Pysyk is hit by Riley Barber and loses puck.
10:31 of 3rd period - Justin Schultz is hit by Sean Monahan and loses puck.
11:59 of 3rd period - Minor Penalty to Sam Poulin for Roughing.
12:00 of 3rd period - Sean Monahan wins face-off versus Gabriel Vilardi in Newfoundland Shamrocks zone.
13:16 of 3rd period - Minor Penalty to Alec Regula for High sticking.
13:17 of 3rd period - Victor Rask wins face-off versus Sean Monahan in Newfoundland Shamrocks zone.
13:18 of 3rd period - Snap shot by Alex Galchenyuk.
13:18 of 3rd period - Stopped by Louis Domingue without a rebound.
13:19 of 3rd period - Victor Rask wins face-off versus Sean Monahan in Newfoundland Shamrocks zone.
13:44 of 3rd period - Penalty to Raphael Lavoie is over, Raphael Lavoie is back on ice.
13:44 of 3rd period - Dylan Coghlan is hit by Olli Juolevi and loses puck.
13:53 of 3rd period - Wrist shot by Brendan Gallagher.
13:53 of 3rd period - Stopped by Louis Domingue without a rebound.
13:54 of 3rd period - Sean Monahan wins face-off versus Victor Rask in Newfoundland Shamrocks zone.
13:59 of 3rd period - Penalty to Sam Poulin is over, Sam Poulin is back on ice.
14:25 of 3rd period - Snap shot by Brendan Gallagher.
14:25 of 3rd period - Shot Misses the Net.
14:59 of 3rd period - Filip Hallander is hit by Brendan Gallagher and loses puck.
15:16 of 3rd period - Penalty to Alec Regula is over, Alec Regula is back on ice.
15:24 of 3rd period - Slapshot by Tanner Laczynski.
15:24 of 3rd period - Stopped by Lukas Dostal with a rebound.
15:46 of 3rd period - Snap shot by Jacob Bernard-Docker.
15:46 of 3rd period - Stopped by Lukas Dostal with a rebound.
16:42 of 3rd period - Slapshot by Gabriel Vilardi.
16:42 of 3rd period - Stopped by Louis Domingue with a rebound.
17:06 of 3rd period - Alex Chiasson is hit by Mathieu Olivier and loses puck.
17:29 of 3rd period - Slapshot by Semyon Der-Arguchintsev.
17:29 of 3rd period - Stopped by Lukas Dostal with a rebound.
17:57 of 3rd period - Minor Penalty to Alec Regula for High sticking.
17:58 of 3rd period - Sean Monahan wins face-off versus Gabriel Vilardi in Newfoundland Shamrocks zone.
19:12 of 3rd period - Dylan Coghlan is hit by Gabriel Vilardi and loses puck.
19:41 of 3rd period - Wrist shot by Alex Chiasson.
19:41 of 3rd period - Stopped by Lukas Dostal with a rebound.
19:57 of 3rd period - Penalty to Alec Regula is over, Alec Regula is back on ice.
Goals for this period are 0 for Long Beach Ice Dogs vs 1 for Newfoundland Shamrocks.
Shots for this period are 8 for Long Beach Ice Dogs vs 15 for Newfoundland Shamrocks.
Back to the Top